 Dungeon Crawl Stone Soup version 0.19-a0-36-g4a0968a (webtiles) character file.

7375 tyvek the Basher (level 11, 0/71 HPs)
             Began as a Gargoyle Fighter on May 4, 2016.
             Was a Believer of Okawaru.
             Slain by Raderak's ghost (7 damage)
             ... on level 8 of the Dungeon.
             The game lasted 00:12:57 (8784 turns).

tyvek the Basher (Gargoyle Fighter)                 Turns: 8784, Time: 00:12:58

Health: 0/71       AC: 24    Str: 23    XL:     11   Next: 14%
Magic:  13/13      EV:  6    Int: 12    God:    Okawaru [**....]
Gold:   457        SH: 11    Dex:  9    Spells: 0 memorised, 10 levels left

rFire  . . .     SeeInvis .     u - +2 whip (flame)
rCold  . . .     Gourm    .     r - +0 plate armour
rNeg   + . .     Faith    .     c - +0 shield
rPois  ∞         Spirit   .     (no helmet)
rElec  +         Dismiss  .     e - +0 cloak
rCorr  .         Reflect  .     p - +0 pair of gloves
SustAt .         Harm     .     (no boots)
MR     .....                    (no amulet)
Stlth  ..........               (no ring)
                                h - +3 ring of intelligence

@: not resistant to hostile enchantments, extremely unstealthy
A: hooves 1, negative energy resistance 1, electricity resistance, unbreathing,
petrification resistance, rot immunity, AC +7
a: Heroism, Renounce Religion


You were on level 8 of the Dungeon.
You worshipped Okawaru.
Okawaru was pleased with you.
You were not hungry.

You visited 2 branches of the dungeon, and saw 9 of its levels.

You collected 457 gold pieces.

Inventory:

Hand Weapons
 u - a +2 whip of flaming (weapon)
   (You took it off Pikel on level 7 of the Dungeon)
Armour
 c - a +0 shield (worn)
 e - a +0 cloak (worn)
   (You found it on level 7 of the Dungeon)
 p - a +0 pair of gloves (worn)
   (You found it on level 2 of the Dungeon)
 r - a +0 plate armour (worn)
   (You took it off an orc warrior on level 7 of the Dungeon)
Magical Staves
 s - an uncursed staff of cold {unknown}
   (You found it on level 8 of the Dungeon)
Jewellery
 d - an uncursed amulet of the gourmand {unknown}
   (You found it on level 7 of the Dungeon)
 h - a +3 ring of intelligence (left hand)
   (You found it on level 1 of the Dungeon)
Wands
 b - a wand of acid (0/15)
   (You found it on level 5 of the Dungeon)
 C - a wand of digging (14/24)
   (You took it off Grinder on level 6 of the Dungeon)
Scrolls
 a - 2 scrolls of identify
 g - 2 scrolls of recharging
 n - 5 scrolls of remove curse
 t - a scroll of teleportation {unknown}
 w - 2 scrolls of amnesia
 B - a scroll of enchant armour {unknown}
Potions
 j - a potion of curing
 k - a potion of invisibility {unknown}
 m - a potion of ambrosia
 o - a potion of mutation {!q}
 q - a potion of cancellation
 v - 2 potions of lignification {!q}
 x - a potion of flight
 z - a potion of cure mutation {!q}
 A - 3 potions of haste
 D - a potion of brilliance
Books
 y - a book of Callings
   (You found it on level 5 of the Dungeon)
Comestibles
 f - 3 bread rations {@e1}
 i - 13 fruits
 l - 4 meat rations {@e2}


   Skills:
 + Level 9.0 Fighting
 + Level 10.3 Maces & Flails
 + Level 8.6 Armour
 + Level 9.1 Shields
 + Level 3.5 Invocations


You had 10 spell levels left.
You didn't know any spells.

Dungeon Overview and Level Annotations

Branches:
Dungeon (8/15)             Temple (1/1) D:7
   Lair: D:8-11

Altars:
Ashenzari
Cheibriados
Dithmenos
Elyvilon
Fedhas
Gozag
Kikubaaqudgha
Makhleb
Nemelex Xobeh
Okawaru
Pakellas
Qazlal
Ru
Sif Muna
Trog
Vehumet
Xom
Yredelemnul
Zin
The Shining One

Shops:
D:7 (

Annotations:
D:8 Raderak's ghost, novice VSFi


Innate Abilities, Weirdness & Mutations

You are resistant to torment.
Your stone body is resilient (AC +7).
You are immune to poison.
You resist negative energy.
You are resistant to electric shocks.
You can survive without breathing.
You are immune to petrification.
You are immune to rotting.
You have large cloven feet.


Message History

You hit the manticore but do no damage. You block the manticore's attack. x2
The manticore claws you but does no damage.
You whack the manticore! You burn the manticore.
Your kick misses the manticore. The brown ugly thing headbutts you.
You are splashed with acid!
The acid burns!
Raderak's ghost hits you but does no damage.
You take 9 damage, and have 31/69 hp.
You hit the manticore. You burn the manticore.
You kill the manticore!
Okawaru accepts your kill.
Your Shields skill increases to level 9!
You block the brown ugly thing's attack.
You hit the brown ugly thing. You burn the brown ugly thing.
You kick the brown ugly thing, but do no damage.
Raderak's ghost says, "You can hit me, but you can't hurt me."
The brown ugly thing barely misses you.
You closely miss the brown ugly thing.
You kick the brown ugly thing, but do no damage.
Your plate armour prevents you from hitting the brown ugly thing.
You kick the brown ugly thing, but do no damage.
The brown ugly thing headbutts you but does no damage.
You closely miss the brown ugly thing.
You kick the brown ugly thing, but do no damage.
You hit the brown ugly thing. You burn the brown ugly thing.
The brown ugly thing headbutts you but does no damage.
You block Raderak's ghost's attack.
Your shield and plate armour prevent you from hitting the brown ugly thing.
Your kick misses the brown ugly thing. The brown ugly thing headbutts you.
You are splashed with acid!
The acid burns!
Raderak's ghost hits you but does no damage.
You take 10 damage, and have 22/69 hp.
You hit the brown ugly thing but do no damage.
You kick the brown ugly thing, but do no damage.
You hit the brown ugly thing. You burn the brown ugly thing.
You kick the brown ugly thing, but do no damage.
Raderak's ghost hits you but does no damage.
The brown ugly thing headbutts you.
You are splashed with acid!
The acid burns!
* * * LOW HITPOINT WARNING * * *
You hit the brown ugly thing. You burn the brown ugly thing.
You block Raderak's ghost's attack.
The brown ugly thing headbutts you but does no damage.
You whack the brown ugly thing! You burn the brown ugly thing.
Your kick misses the brown ugly thing.
You take 7 damage, and have 15/69 hp.
You barely miss the brown ugly thing. Your kick misses the brown ugly thing.
The brown ugly thing headbutts you but does no damage.
You block Raderak's ghost's attack.
You whack the brown ugly thing! You burn the brown ugly thing.
You kick the brown ugly thing, but do no damage.
You hit the brown ugly thing but do no damage.
The brown ugly thing barely misses you. You block Raderak's ghost's attack.
You closely miss the brown ugly thing.
You kick the brown ugly thing, but do no damage.
You block the brown ugly thing's attack.
You block Raderak's ghost's attack.
You whack the brown ugly thing! You burn the brown ugly thing.
Your kick misses the brown ugly thing. You hit the brown ugly thing.
You burn the brown ugly thing. Raderak's ghost hits you.
* * * LOW HITPOINT WARNING * * *
You block the brown ugly thing's attack.
You hit the brown ugly thing. You burn the brown ugly thing.
You whack the brown ugly thing! You burn the brown ugly thing.
Your kick misses the brown ugly thing.
The brown ugly thing headbutts you but does no damage.
Raderak's ghost hits you!
* * * LOW HITPOINT WARNING * * *
You closely miss the brown ugly thing.
The brown ugly thing headbutts you but does no damage.
Raderak's ghost hits you but does no damage.
You take 11 damage, and have 4/69 hp.
You closely miss the brown ugly thing.
You hit the brown ugly thing but do no damage.
You block the brown ugly thing's attack.
Raderak's ghost closely misses you.
You hit the brown ugly thing. You burn the brown ugly thing.
You kick the brown ugly thing, but do no damage.
The brown ugly thing barely misses you. You block Raderak's ghost's attack.
You hit the brown ugly thing. You burn the brown ugly thing.
You kill the brown ugly thing!
Okawaru is honoured by your kill.
Your Fighting skill increases to level 9!
You feel your intelligence returning.
Raderak's ghost hits you but does no damage.
You see here an ugly thing corpse.
Raderak's ghost barely misses you.
You regained 2 hp, and now have 6/71 hp.
You closely miss Raderak's ghost.
Raderak's ghost hits you but does no damage.
You hit Raderak's ghost but do no damage.
You kick Raderak's ghost, but do no damage.
You hit Raderak's ghost but do no damage.
You kick Raderak's ghost, but do no damage.
You block Raderak's ghost's attack.
Your plate armour prevents you from hitting Raderak's ghost.
Raderak's ghost hits you but does no damage.
You hit Raderak's ghost but do no damage.
Your kick misses Raderak's ghost. You hit Raderak's ghost.
You burn Raderak's ghost. Raderak's ghost hits you!
You die...

..# #................####
..###########.(..............#...
...............).............#.##
#....####....................#.#
.....# #.......†............#.#
.....# #....................#.#
....## ##.....##.##..........#.#
....# #......##W##..........#.#
....# #......##@............#.#
....# #......###............#.##
....# #....### #..###..#..###.#.
##### #....# #..# #.........#.
#....# ##.###...#.#####. ######
#..##.§...# #. #..####§..## #.
###########..###§.§§§## #.
#............##§§§.§§§###.


You could see Raderak's ghost.

Vanquished Creatures
  The ghost of h1n1thei the Skirmisher, a novice DsBe of Trog (D:7)
  An unseen horror (D:8)
  Pikel (D:7)
  2 ugly things
  A manticore (D:8)
  The ghost of Maxmaps the Grappler, a novice DrMo (D:6)
  Grinder (D:6)
  The ghost of Talea the Insei, an amateur OpTm (D:4)
  A hippogriff (D:7)
  A water moccasin (D:7)
  Duvessa (D:5)
  An orc warrior (D:7)
  3 phantoms
  3 slaves (D:7)
  A black bear (D:8)
  5 ogres
  An ice beast (D:8)
  2 necrophages
  A sky beast (D:6)
  3 centaurs
  4 giant frogs
  3 elf zombies (D:7)
  Dowan (D:5)
  2 scorpions
  9 killer bees
  A howler monkey (D:4)
  4 crimson imps
  2 centaur zombies
  6 orc priests
  A human zombie (D:7)
  A centaur skeleton (D:7)
  7 orc wizards
  2 hounds (D:4)
  A human skeleton (D:7)
  2 giant frog skeletons (D:5)
  3 iguanas
  Natasha (thrice) (D:2)
  4 worker ants
  2 hound zombies
  3 hound skeletons
  A worker ant zombie (D:6)
  10 adders
  A shadow imp (D:7)
  2 oozes
  An adder zombie (D:5)
  An adder skeleton (D:5)
  A worm (D:2)
  4 dart slugs
  5 giant geckos
  27 orcs
  11 giant cockroaches
  8 goblins
  3 hobgoblins
  10 jackals
  9 kobolds
  4 quokkas
  6 ball pythons
  7 bats
  2 giant newts
  2 jackal skeletons (D:5)
  An orc zombie (D:7)
  A quokka skeleton (D:4)
  A quokka zombie (D:5)
  6 rats
217 creatures vanquished.

Vanquished Creatures (others)
  A slave (D:7)
1 creature vanquished.

Grand Total: 218 creatures vanquished

Notes
Turn   | Place    | Note
--------------------------------------------------------------
     0 | D:1      | tyvek the Gargoyle Fighter began the quest for the Orb.
     0 | D:1      | Reached XP level 1. HP: 14/14 MP: 1/1
   225 | D:1      | Reached XP level 2. HP: 18/19 MP: 2/2
   679 | D:1      | Reached XP level 3. HP: 18/23 MP: 3/3
  1041 | D:2      | Noticed Natasha
  1058 | D:2      | Killed Natasha
  1058 | D:2      | Reached skill level 3 in Maces & Flails
  1058 | D:2      | Reached XP level 4. HP: 15/29 MP: 4/4
  1308 | D:2      | Noticed Natasha
  1324 | D:2      | Killed Natasha
  1324 | D:2      | Reached skill level 4 in Fighting
  1324 | D:2      | Reached skill level 4 in Shields
  1586 | D:2      | Found a stormy altar of Qazlal.
  1693 | D:2      | Reached XP level 5. HP: 33/33 MP: 5/5
  1802 | D:2      | Found a glowing silver altar of Zin.
  1809 | D:2      | Found a blossoming altar of Fedhas.
  1814 | D:2      | Found a snail-covered altar of Cheibriados.
  1852 | D:2      | Noticed Natasha
  1858 | D:2      | Killed Natasha
  2341 | D:3      | Reached skill level 4 in Armour
  2779 | D:4      | Reached XP level 6. HP: 33/39 MP: 6/6
  2788 | D:4      | Reached skill level 4 in Maces & Flails
  2854 | D:4      | Found an oddly glowing altar of Pakellas.
  3047 | D:4      | Noticed Talea's ghost (amateur OpTm)
  3063 | D:4      | Killed Talea's ghost
  3063 | D:4      | Reached skill level 5 in Maces & Flails
  3063 | D:4      | Reached XP level 7. HP: 29/44 MP: 7/7
  3282 | D:4      | Reached skill level 5 in Fighting
  3324 | D:4      | Reached skill level 5 in Shields
  3542 | D:4      | Reached skill level 5 in Armour
  3668 | D:4      | You fall through a shaft!
  3668 | D:5      | Entered Level 5 of the Dungeon
  3815 | D:5      | Reached XP level 8. HP: 16/50 MP: 8/8
  4237 | D:4      | Reached skill level 6 in Maces & Flails
  4576 | D:5      | Found a sparkling altar of Nemelex Xobeh.
  4720 | D:5      | Gained mutation: You have large cloven feet. [potion of beneficial mutation]
  4792 | D:5      | Noticed Duvessa
  4792 | D:5      | Noticed Dowan
  4808 | D:5      | Killed Duvessa
  4816 | D:5      | Killed Dowan
  4827 | D:5      | Reached skill level 6 in Fighting
  4842 | D:5      | Reached skill level 6 in Shields
  5212 | D:6      | Noticed Grinder
  5225 | D:6      | Paralysed by Grinder for 5 turns
  5232 | D:6      | Paralysed by Grinder for 5 turns
  5242 | D:6      | Killed Grinder
  5242 | D:6      | Reached skill level 7 in Maces & Flails
  5242 | D:6      | Reached skill level 6 in Armour
  5242 | D:6      | Reached XP level 9. HP: 28/56 MP: 9/9
  5479 | D:6      | Found a white marble altar of Elyvilon.
  5521 | D:6      | Noticed Maxmaps's ghost (novice DrMo)
  5532 | D:6      | Killed Maxmaps's ghost
  6277 | D:7      | Found Toiluneh's Weapon Shop.
  6289 | D:7      | Reached skill level 8 in Maces & Flails
  6317 | D:7      | Reached skill level 7 in Shields
  6322 | D:7      | Noticed Pikel
  6342 | D:7      | Reached skill level 7 in Fighting
  6358 | D:7      | HP: 13/57 [orc priest/divine providence (12)]
  6362 | D:7      | HP: 3/57 [orc priest/divine providence (11)]
  6369 | D:7      | HP: 1/57 [slave[Pikel] (3)]
  6379 | D:7      | HP: 9/57 [orc priest/divine providence (13)]
  6491 | D:7      | Killed Pikel
  6491 | D:7      | Reached skill level 7 in Armour
  6559 | D:7      | Reached XP level 10. HP: 34/63 MP: 10/10
  6563 | D:7      | Reached skill level 9 in Maces & Flails
  6619 | D:7      | Noticed h1n1thei's ghost (novice DsBe)
  6661 | D:7      | HP: 15/64 [h1n1thei's ghost (9)]
  6667 | D:7      | HP: 16/64 [h1n1thei's ghost (6)]
  6676 | D:7      | HP: 16/64 [h1n1thei's ghost (9)]
  6732 | D:7      | Killed h1n1thei's ghost
  6732 | D:7      | Reached skill level 8 in Shields
  6903 | D:7      | Reached skill level 8 in Fighting
  7025 | D:7      | Found a staircase to the Ecumenical Temple.
  7029 | Temple   | Entered the Ecumenical Temple
  7119 | Temple   | Became a worshipper of Warmaster Okawaru
  7337 | D:7      | Found a sacrificial altar of Ru.
  7341 | D:7      | Noticed a red ugly thing
  7368 | D:7      | Killed a white ugly thing
  7368 | D:7      | Reached skill level 1 in Invocations
  7514 | D:7      | Reached skill level 8 in Armour
  7573 | D:7      | Reached * piety under Okawaru
  7623 | D:8      | Found a shadowy altar of Dithmenos.
  7867 | D:8      | Reached skill level 2 in Invocations
  7924 | D:8      | HP: 14/65 [something (5)]
  7929 | D:8      | Killed an unseen horror
  7929 | D:8      | Reached skill level 10 in Maces & Flails
  7941 | D:8      | HP: 14/65 [black bear (1)]
  8306 | D:8      | Reached ** piety under Okawaru
  8560 | D:8      | Reached XP level 11. HP: 69/69 MP: 13/13
  8610 | D:8      | Reached skill level 3 in Invocations
  8729 | D:8      | Noticed a manticore
  8731 | D:8      | Noticed Raderak's ghost (novice VSFi)
  8732 | D:8      | Noticed a brown ugly thing
  8746 | D:8      | Killed a manticore
  8746 | D:8      | Reached skill level 9 in Shields
  8758 | D:8      | HP: 15/69 [acid (6)]
  8766 | D:8      | HP: 11/69 [Raderak's ghost (5)]
  8768 | D:8      | HP: 4/69 [Raderak's ghost (7)]
  8773 | D:8      | Killed a brown ugly thing
  8773 | D:8      | Reached skill level 9 in Fighting
  8784 | D:8      | Slain by Raderak's ghost

Vault maps used:
D:1:      dpeg_arrival_prison, serial_bayou, serial_bayou_ford_a,
          serial_bayou_pond_a, serial_bayou_pond_b, serial_bayou_pond_b,
          serial_bayou_lagoon_a, serial_bayou_pond_e
D:2:      minitemple, kennysheep_big_empty_room, uniq_natasha
D:4:      minmay_door_path, nicolae_overflow_crystal_walls
D:5:      old_standard_altar, first_bread, hex_large, uniq_duvessa
D:6:      elyvilon_altar_1, serial_co_window_serial, co_window_paths_b,
          co_window_of_opportunity_a, co_window_corner_a,
          co_window_of_opportunity_a, co_window_of_opportunity_a,
          co_window_paths_b, co_window_paths_a, co_window_broadway_c,
          co_window_cross_4, co_window_broadway_a, co_window_unsneaky_path_d,
          co_window_of_opportunity_b, uniq_grinder
D:7:      minmay_temple_entry_trees, basic_altar, serial_shops, shop,
          nicolae_ossuary_entry_catacombs, uniq_pikel
D:8:      minmay_distorted_concentric_squares, nicolae_dithmenos_the_darkroom
Temple:   circular_temple_12

Skill      XL: |  1  2  3  4  5  6  7  8  9 10 11 |
---------------+----------------------------------+-----
Maces & Flails | 3 5 7 8 10 | 10.3
Fighting       | 4 5 6 7 8 9 |  9.0
Shields        | 4 5 6 7 8 9 |  9.1
Armour         | 4 5 6 7 8 |  8.6
Invocations    | 2 3 |  3.5

Action                   |  1- 3 |  4- 6 |  7- 9 | 10-12 || total
-------------------------+-------+-------+-------+-------++-------
Melee: Flail             |   134 |   245 |   493 |       ||   872
       Kick              |       |       |    85 |   118 ||   203
       Whip              |       |       |    20 |   499 ||   519
Evoke: Wand              |       |       |       |     3 ||     3
  Use: Scroll            |       |     8 |    11 |       ||    19
       Potion            |       |       |     5 |     9 ||    14
  Eat: Chunk             |     1 |     5 |     4 |       ||    10
       Bread ration      |       |     1 |     1 |     1 ||     3
       Beef jerky        |       |       |     1 |       ||     1
       Royal jelly       |       |       |       |     1 ||     1
       Pizza             |       |       |       |     1 ||     1
Armor: Scale mail        |    75 |   150 |    63 |       ||   288
       Chain mail        |       |       |   170 |       ||   170
       Plate armour      |       |       |    57 |   277 ||   334
Dodge: Dodged            |    55 |    97 |   124 |    81 ||   357
Block: Shield            |    89 |   150 |   258 |   187 ||   684

Vault maps used:
D:1:      dpeg_arrival_prison, serial_bayou, serial_bayou_ford_a,
          serial_bayou_pond_a, serial_bayou_pond_b, serial_bayou_pond_b,
          serial_bayou_lagoon_a, serial_bayou_pond_e
D:2:      minitemple, kennysheep_big_empty_room, uniq_natasha
D:4:      minmay_door_path, nicolae_overflow_crystal_walls
D:5:      old_standard_altar, first_bread, hex_large, uniq_duvessa
D:6:      elyvilon_altar_1, serial_co_window_serial, co_window_paths_b,
          co_window_of_opportunity_a, co_window_corner_a,
          co_window_of_opportunity_a, co_window_of_opportunity_a,
          co_window_paths_b, co_window_paths_a, co_window_broadway_c,
          co_window_cross_4, co_window_broadway_a, co_window_unsneaky_path_d,
          co_window_of_opportunity_b, uniq_grinder
D:7:      minmay_temple_entry_trees, basic_altar, serial_shops, shop,
          nicolae_ossuary_entry_catacombs, uniq_pikel
D:8:      minmay_distorted_concentric_squares, nicolae_dithmenos_the_darkroom
Temple:   circular_temple_12

Table legend:
 A = Turns spent in this place as a percentage of turns spent in the entire game.
 B = Non-inter-level travel turns spent in this place as a percentage of non-inter-level travel turns spent in the entire game.
 C = Inter-level travel turns spent in this place as a percentage of turns spent in this place.
 D = Turns resting spent in this place as a percentage of non-inter-level travel turns spent in this place.
 E = Turns spent auto-exploring this place as a percentage of non-inter-level travel turns spent in this place.
 F = Non-inter-level travel turns spent in this place divided by the number of levels of this place that you've seen.
                   A       B       C       D       E      F
               +-------+-------+-------+-------+-------+----------------------
         Total | 100.0 | 100.0 |   0.2 |   1.0 |   6.7 | 469.7
       Dungeon |  99.6 |  99.7 |   0.2 |   1.0 |   6.4 | 526.6
        Temple |   0.4 |   0.3 |  12.5 |   0.0 |  92.9 |  14.0
               +-------+-------+-------+-------+-------+----------------------

Table legend:
 A = Kills in this place as a percentage of kills in entire the game.
 B = Kills by you in this place as a percentage of kills by you in the entire game.
 C = Kills by friends in this place as a percentage of kills by friends in the entire game.
 D = Other kills in this place as a percentage of other kills in the entire game.
 E = Experience gained in this place as a percentage of experience gained in the entire game.
 F = Experience gained in this place divided by the number of levels of this place that you have seen.
                   A       B       C       D       E      F
               +-------+-------+-------+-------+-------+----------------------
         Total | 100.0 | 100.0 |  -nan |  -nan | 100.0 | 1170.7
       Dungeon | 100.0 | 100.0 |  -nan |  -nan | 100.0 | 1317.0
               +-------+-------+-------+-------+-------+----------------------
